[ PARTIDA AOE2 · #472525547 ]
UnrankedChinos vs Cumans
[ ANÁLISIS DE REPETICIÓN · EXTRAÍDO DE LA PARTIDA GRABADA ]
Feudal
13:32
Castillos
17:09
Imperial
30:43
| APM promedio | 29.7 |
| APM pico | 66 |
| eAPM promedio | 18.1 |
| Aldeanos / militares | 155 / 60 |
Foco
⚔️ 28.9% · 🌾 71.1%
Archer ×47 · Spearman ×6 · Chu Ko Nu ×6 · Monk ×1
Feudal
9:44
Castillos
22:39
Imperial
26:50
| APM promedio | 39.3 |
| APM pico | 101 |
| eAPM promedio | 24.7 |
| Aldeanos / militares | 137 / 329 |
Foco
⚔️ 39.8% · 🌾 60.2%
Steppe Lancer ×318 · Trade Cart ×29 · Monk ×6 · Mangonel ×5
Feudal
15:23
Castillos
19:20
Imperial
32:49
| APM promedio | 36.7 |
| APM pico | 77 |
| eAPM promedio | 24.2 |
| Aldeanos / militares | 166 / 140 |
Foco
⚔️ 24.3% · 🌾 75.7%
Longbowman ×133 · Petard ×4 · Trebuchet (Packed) ×3
Feudal
12:43
Castillos
17:09
Imperial
29:11
| APM promedio | 37.1 |
| APM pico | 90 |
| eAPM promedio | 19.6 |
| Aldeanos / militares | 177 / 298 |
Foco
⚔️ 34.4% · 🌾 65.6%
Camel Scout ×280 · Bombard Cannon ×10 · Scout Cavalry ×5 · Monk ×3
Feudal
—
Castillos
—
Imperial
—
| APM promedio | 27.0 |
| APM pico | 60 |
| eAPM promedio | 17.3 |
| Aldeanos / militares | 136 / 288 |
Foco
⚔️ 30.7% · 🌾 69.3%
Scout Cavalry ×145 · Scorpion ×90 · Steppe Lancer ×28 · Camel Scout ×18 · Battering Ram ×7
Feudal
11:22
Castillos
16:32
Imperial
24:06
| APM promedio | 22.4 |
| APM pico | 74 |
| eAPM promedio | 15.5 |
| Aldeanos / militares | 116 / 192 |
Foco
⚔️ 41.1% · 🌾 58.9%
Hand Cannoneer ×106 · Scout Cavalry ×61 · Trade Cart ×45 · Bombard Cannon ×18 · Monk ×5 · Battering Ram ×2
Feudal
14:23
Castillos
18:23
Imperial
31:12
| APM promedio | 56.0 |
| APM pico | 109 |
| eAPM promedio | 33.9 |
| Aldeanos / militares | 181 / 397 |
Foco
⚔️ 50.4% · 🌾 49.6%
Spearman ×278 · Mangonel ×58 · Battering Ram ×32 · Scorpion ×25 · Militia ×4
Feudal
12:41
Castillos
16:23
Imperial
29:32
| APM promedio | 36.9 |
| APM pico | 92 |
| eAPM promedio | 20.3 |
| Aldeanos / militares | 139 / 124 |
Foco
⚔️ 25.4% · 🌾 74.6%
Camel Scout ×91 · Knight ×24 · Bombard Cannon ×8 · Trade Cart ×6 · Monk ×1
Mapa de la partida
Recursos iniciales + cada clic de construcción. Líneas = muros · curvas = relieve. ◆ oro · ⬟ piedra · ● bayas · ✦ reliquia · ◌ hueco del cierre
Tu base
Base de NoSleep
Base de ntn88
Base de ***Lwx· Abierta — flanco sin cerrar
Base de Emperor2698
Base de 我是幸运的· Abierta — flanco sin cerrar
Base de 297539664· Abierta — flanco sin cerrar
Base de ару
Terreno inicial suavizado · ◌ = hueco del cierre detectado · pasá el cursor para detalles
Inputs por minuto
— Ackerman-lll - - NoSleep
Build order — Ackerman-lll
Primeras 150 de 412 acciones detectadas
| 0:02 | Investigar | Loom |
| 0:04 | Construir | House |
| 0:06 | Construir | House |
| 0:08 | Construir | House |
| 0:55 | Construir | Palisade Wall |
| 1:07 | Construir | Palisade Wall |
| 2:14 | Crear | Villager (Male) |
| 2:14 | Crear | Villager (Male) |
| 2:47 | Construir | Palisade Wall |
| 3:03 | Crear | Villager (Male) |
| 3:04 | Crear | Villager (Male) |
| 3:04 | Crear | Villager (Male) |
| 3:56 | Crear | Villager (Male) |
| 3:56 | Crear | Villager (Male) |
| 4:43 | Crear | Villager (Male) |
| 4:43 | Crear | Villager (Male) |
| 5:11 | Crear | Villager (Male) |
| 5:12 | Crear | Villager (Male) |
| 5:26 | Crear | Villager (Male) |
| 5:26 | Crear | Villager (Male) |
| 6:05 | Construir | Lumber Camp |
| 6:09 | Crear | Villager (Male) |
| 6:10 | Crear | Villager (Male) |
| 6:10 | Crear | Villager (Male) |
| 6:31 | Crear | Villager (Male) |
| 6:31 | Crear | Villager (Male) |
| 6:42 | Crear | Villager (Male) |
| 6:42 | Crear | Villager (Male) |
| 7:51 | Crear | Villager (Male) |
| 7:52 | Crear | Villager (Male) |
| 8:21 | Construir | Mill |
| 8:59 | Crear | Villager (Male) |
| 9:42 | Crear | Villager (Male) |
| 9:58 | Crear | Villager (Male) |
| 10:16 | Crear | Villager (Male) |
| 10:41 | Construir | Mill |
| 10:54 | Construir | Mining Camp |
| 10:57 | Crear | Villager (Male) |
| 11:07 | Investigar | Feudal Age |
| 12:04 | Crear | Villager (Male) |
| 12:04 | Crear | Villager (Male) |
| 12:23 | Construir | Farm |
| 13:32 | Edad | Edad Feudal |
| 13:35 | Construir | Market |
| 13:40 | Construir | Blacksmith |
| 13:45 | Construir | Blacksmith |
| 13:47 | Construir | Stone Wall |
| 14:00 | Investigar | Double-Bit Axe |
| 14:09 | Construir | Mining Camp |
| 14:29 | Investigar | Castle Age |
| 14:29 | Investigar | Castle Age |
| 14:39 | Construir | Stone Wall |
| 14:44 | Construir | Stone Wall |
| 14:54 | Investigar | Double-Bit Axe |
| 14:54 | Investigar | Double-Bit Axe |
| 15:42 | Investigar | Horse Collar |
| 15:42 | Investigar | Horse Collar |
| 16:28 | Crear | Villager (Male) |
| 16:30 | Crear | Villager (Male) |
| 17:09 | Edad | Edad de los Castillos |
| 17:12 | Construir | Town Center |
| 17:15 | Investigar | Bow Saw |
| 17:16 | Crear | Villager (Male) |
| 17:38 | Construir | Farm |
| 17:48 | Construir | House |
| 18:04 | Crear | Villager (Male) |
| 18:06 | Construir | Farm |
| 18:28 | Construir | Farm |
| 18:35 | Crear | Villager (Male) |
| 18:37 | Crear | Villager (Male) |
| 18:38 | Crear | Villager (Male) |
| 18:46 | Construir | Farm |
| 18:51 | Crear | Villager (Male) |
| 18:53 | Crear | Villager (Male) |
| 19:02 | Crear | Villager (Male) |
| 19:12 | Construir | Farm |
| 19:16 | Construir | Farm |
| 19:27 | Crear | Villager (Male) |
| 19:28 | Crear | Villager (Male) |
| 19:30 | Construir | Farm |
| 19:32 | Construir | Farm |
| 19:40 | Construir | Farm |
| 19:45 | Crear | Villager (Male) |
| 19:45 | Crear | Villager (Male) |
| 19:50 | Construir | Farm |
| 20:05 | Construir | Farm |
| 20:11 | Crear | Villager (Male) |
| 20:11 | Crear | Villager (Male) |
| 20:15 | Construir | Farm |
| 20:20 | Construir | Farm |
| 20:25 | Crear | Villager (Male) |
| 20:30 | Crear | Villager (Male) |
| 20:32 | Construir | Farm |
| 20:41 | Crear | Villager (Male) |
| 20:41 | Crear | Villager (Male) |
| 20:49 | Investigar | Heavy Plow |
| 20:52 | Crear | Villager (Male) |
| 21:12 | Crear | Villager (Male) |
| 21:14 | Crear | Villager (Male) |
| 21:28 | Construir | Town Center |
| 21:40 | Investigar | Wheelbarrow |
| 21:41 | Crear | Villager (Male) |
| 21:43 | Crear | Villager (Male) |
| 21:51 | Construir | Farm |
| 22:03 | Crear | Villager (Male) |
| 22:15 | Construir | Castle |
| 22:22 | Crear | Villager (Male) |
| 22:48 | Construir | Farm |
| 22:56 | Crear | Villager (Male) |
| 22:57 | Crear | Villager (Male) |
| 23:01 | Construir | Farm |
| 23:12 | Crear | Villager (Male) |
| 23:12 | Crear | Villager (Male) |
| 23:12 | Crear | Villager (Male) |
| 23:14 | Construir | Farm |
| 23:26 | Construir | House |
| 23:27 | Construir | House |
| 23:29 | Crear | Villager (Male) |
| 23:30 | Crear | Villager (Male) |
| 23:30 | Crear | Villager (Male) |
| 23:32 | Crear | Chu Ko Nu |
| 23:39 | Construir | Farm |
| 23:45 | Construir | Monastery |
| 23:52 | Construir | House |
| 24:00 | Construir | Farm |
| 24:04 | Construir | Farm |
| 24:06 | Crear | Villager (Male) |
| 24:07 | Crear | Villager (Male) |
| 24:08 | Crear | Villager (Male) |
| 24:14 | Crear | Chu Ko Nu |
| 24:17 | Crear | Chu Ko Nu |
| 24:19 | Crear | Chu Ko Nu |
| 24:19 | Crear | Villager (Male) |
| 24:20 | Crear | Villager (Male) |
| 24:22 | Construir | Farm |
| 24:31 | Construir | Stone Wall |
| 24:45 | Construir | University |
| 24:47 | Crear | Villager (Male) |
| 24:48 | Crear | Villager (Male) |
| 24:54 | Construir | House |
| 24:57 | Construir | Farm |
| 24:59 | Crear | Chu Ko Nu |
| 25:15 | Crear | Villager (Male) |
| 25:16 | Crear | Villager (Male) |
| 25:16 | Crear | Villager (Male) |
| 25:22 | Construir | Stone Wall |
| 25:26 | Construir | Stone Wall |
| 25:28 | Construir | House |
| 25:32 | Crear | Villager (Male) |
| 25:32 | Crear | Villager (Male) |
Build order — NoSleep
Primeras 150 de 673 acciones detectadas
| 0:01 | Crear | Villager (Male) |
| 0:03 | Construir | House |
| 0:04 | Construir | House |
| 0:05 | Construir | House |
| 0:18 | Crear | Villager (Male) |
| 0:22 | Crear | Villager (Male) |
| 0:23 | Crear | Villager (Male) |
| 1:41 | Crear | Villager (Male) |
| 1:46 | Construir | Lumber Camp |
| 1:51 | Crear | Villager (Male) |
| 2:17 | Crear | Villager (Male) |
| 2:44 | Crear | Villager (Male) |
| 3:25 | Crear | Villager (Male) |
| 3:59 | Crear | Villager (Male) |
| 4:31 | Crear | Villager (Male) |
| 4:32 | Crear | Villager (Male) |
| 4:43 | Crear | Villager (Male) |
| 5:23 | Crear | Villager (Male) |
| 5:40 | Construir | Mill |
| 6:19 | Crear | Villager (Male) |
| 6:20 | Crear | Villager (Male) |
| 6:52 | Investigar | Loom |
| 7:33 | Investigar | Feudal Age |
| 8:41 | Construir | House |
| 8:45 | Construir | House |
| 8:46 | Construir | House |
| 8:56 | Crear | Villager (Male) |
| 8:57 | Crear | Villager (Male) |
| 9:44 | Edad | Edad Feudal |
| 9:50 | Construir | Town Center |
| 9:57 | Investigar | Double-Bit Axe |
| 10:28 | Crear | Villager (Male) |
| 10:29 | Crear | Villager (Male) |
| 11:07 | Crear | Villager (Male) |
| 11:39 | Crear | Villager (Male) |
| 11:40 | Crear | Villager (Male) |
| 12:03 | Crear | Villager (Male) |
| 12:04 | Crear | Villager (Male) |
| 12:18 | Crear | Villager (Male) |
| 12:26 | Construir | Farm |
| 12:26 | Construir | Farm |
| 12:28 | Construir | Farm |
| 12:32 | Investigar | Horse Collar |
| 12:40 | Crear | Villager (Male) |
| 13:10 | Crear | Villager (Male) |
| 13:10 | Crear | Villager (Male) |
| 13:11 | Crear | Villager (Male) |
| 13:12 | Crear | Villager (Male) |
| 13:19 | Crear | Villager (Male) |
| 13:24 | Construir | Farm |
| 13:25 | Construir | Farm |
| 13:27 | Construir | Farm |
| 13:28 | Construir | Farm |
| 13:35 | Crear | Villager (Male) |
| 13:47 | Crear | Villager (Male) |
| 13:56 | Crear | Villager (Male) |
| 15:08 | Crear | Villager (Male) |
| 15:08 | Crear | Villager (Male) |
| 15:09 | Crear | Villager (Male) |
| 15:12 | Construir | Lumber Camp |
| 15:14 | Construir | Farm |
| 15:15 | Construir | Farm |
| 15:16 | Crear | Villager (Male) |
| 15:28 | Construir | House |
| 15:30 | Crear | Villager (Male) |
| 15:39 | Investigar | Wheelbarrow |
| 15:46 | Crear | Villager (Male) |
| 15:50 | Construir | House |
| 15:52 | Crear | Villager (Male) |
| 15:56 | Construir | Lumber Camp |
| 16:05 | Construir | Barracks |
| 16:09 | Construir | House |
| 16:10 | Construir | House |
| 16:11 | Crear | Villager (Male) |
| 16:19 | Crear | Villager (Male) |
| 16:26 | Construir | Farm |
| 16:26 | Construir | Farm |
| 16:28 | Construir | Farm |
| 16:30 | Crear | Villager (Male) |
| 16:37 | Crear | Villager (Male) |
| 17:05 | Crear | Villager (Male) |
| 17:14 | Construir | Stable |
| 17:19 | Construir | House |
| 17:19 | Construir | House |
| 17:20 | Construir | House |
| 17:21 | Construir | House |
| 17:25 | Construir | House |
| 17:30 | Crear | Villager (Male) |
| 17:36 | Construir | Farm |
| 17:37 | Construir | Farm |
| 18:01 | Construir | Stable |
| 18:07 | Construir | Blacksmith |
| 18:13 | Construir | Farm |
| 18:17 | Construir | Farm |
| 18:19 | Crear | Villager (Male) |
| 18:20 | Crear | Villager (Male) |
| 18:33 | Crear | Villager (Male) |
| 18:57 | Construir | Lumber Camp |
| 18:58 | Crear | Villager (Male) |
| 19:06 | Construir | Siege Workshop |
| 19:09 | Construir | Farm |
| 19:09 | Crear | Villager (Male) |
| 19:11 | Crear | Villager (Male) |
| 19:16 | Construir | House |
| 19:17 | Construir | House |
| 19:17 | Construir | House |
| 19:19 | Construir | House |
| 19:20 | Crear | Villager (Male) |
| 19:26 | Construir | Mining Camp |
| 19:31 | Crear | Villager (Male) |
| 19:33 | Construir | Farm |
| 19:34 | Construir | Farm |
| 19:35 | Construir | Farm |
| 19:36 | Construir | Farm |
| 19:37 | Construir | Farm |
| 19:38 | Construir | Farm |
| 19:39 | Construir | Farm |
| 19:48 | Construir | Lumber Camp |
| 19:55 | Investigar | Castle Age |
| 20:15 | Crear | Villager (Male) |
| 20:15 | Crear | Villager (Male) |
| 20:41 | Construir | Mill |
| 20:48 | Construir | Lumber Camp |
| 20:52 | Crear | Villager (Male) |
| 20:58 | Investigar | Gold Mining |
| 21:13 | Crear | Villager (Male) |
| 21:23 | Construir | House |
| 21:24 | Construir | House |
| 21:25 | Construir | House |
| 21:26 | Construir | House |
| 21:28 | Construir | House |
| 21:29 | Construir | House |
| 21:31 | Crear | Villager (Male) |
| 21:38 | Construir | House |
| 21:39 | Construir | House |
| 21:42 | Crear | Villager (Male) |
| 22:06 | Construir | Stable |
| 22:06 | Construir | Stable |
| 22:11 | Crear | Villager (Male) |
| 22:34 | Crear | Villager (Male) |
| 22:39 | Edad | Edad de los Castillos |
| 22:49 | Construir | Monastery |
| 22:57 | Construir | University |
| 22:59 | Crear | Villager (Male) |
| 23:04 | Investigar | Bow Saw |
| 23:07 | Investigar | Heavy Plow |
| 23:11 | Investigar | Gold Shaft Mining |
| 23:13 | Crear | Villager (Male) |
| 23:20 | Crear | Villager (Male) |
| 23:31 | Crear | Monk |
Build order — ntn88
Primeras 150 de 399 acciones detectadas
| 0:01 | Crear | Villager (Male) |
| 0:01 | Crear | Villager (Male) |
| 0:01 | Crear | Villager (Male) |
| 0:01 | Crear | Villager (Male) |
| 0:04 | Construir | House |
| 0:06 | Construir | House |
| 0:20 | Investigar | Loom |
| 0:21 | Crear | Villager (Male) |
| 0:21 | Crear | Villager (Male) |
| 0:21 | Crear | Villager (Male) |
| 1:20 | Construir | Palisade Wall |
| 1:32 | Construir | Palisade Wall |
| 1:39 | Crear | Villager (Male) |
| 1:39 | Crear | Villager (Male) |
| 1:39 | Crear | Villager (Male) |
| 1:39 | Crear | Villager (Male) |
| 2:23 | Crear | Villager (Male) |
| 2:23 | Crear | Villager (Male) |
| 2:23 | Crear | Villager (Male) |
| 2:23 | Crear | Villager (Male) |
| 2:50 | Construir | Lumber Camp |
| 2:51 | Crear | Villager (Male) |
| 2:51 | Crear | Villager (Male) |
| 3:17 | Construir | Palisade Wall |
| 3:19 | Crear | Villager (Male) |
| 3:19 | Crear | Villager (Male) |
| 3:19 | Crear | Villager (Male) |
| 3:19 | Crear | Villager (Male) |
| 3:44 | Construir | Palisade Wall |
| 4:05 | Crear | Villager (Male) |
| 4:05 | Crear | Villager (Male) |
| 4:25 | Construir | Palisade Wall |
| 4:28 | Crear | Villager (Male) |
| 4:28 | Crear | Villager (Male) |
| 4:52 | Crear | Villager (Male) |
| 4:52 | Crear | Villager (Male) |
| 5:17 | Construir | House |
| 5:27 | Construir | Palisade Wall |
| 5:29 | Construir | Palisade Wall |
| 5:30 | Construir | Palisade Wall |
| 5:39 | Construir | Palisade Wall |
| 5:58 | Crear | Villager (Male) |
| 5:58 | Crear | Villager (Male) |
| 6:12 | Construir | House |
| 6:29 | Construir | Palisade Wall |
| 6:31 | Construir | Palisade Wall |
| 6:50 | Crear | Villager (Male) |
| 7:06 | Crear | Villager (Male) |
| 7:43 | Crear | Villager (Male) |
| 7:43 | Crear | Villager (Male) |
| 7:43 | Crear | Villager (Male) |
| 8:30 | Construir | Palisade Wall |
| 8:31 | Construir | Palisade Wall |
| 8:44 | Construir | Palisade Wall |
| 8:45 | Construir | Palisade Wall |
| 8:46 | Crear | Villager (Male) |
| 9:07 | Construir | Palisade Wall |
| 9:09 | Construir | Palisade Wall |
| 9:11 | Construir | Palisade Wall |
| 9:12 | Construir | Palisade Wall |
| 9:31 | Construir | Palisade Wall |
| 9:33 | Construir | Palisade Wall |
| 9:35 | Construir | Palisade Wall |
| 9:37 | Construir | Palisade Wall |
| 9:40 | Construir | Palisade Wall |
| 9:41 | Construir | Palisade Wall |
| 9:43 | Construir | Palisade Wall |
| 10:00 | Construir | Palisade Wall |
| 10:02 | Construir | Palisade Wall |
| 10:04 | Crear | Villager (Male) |
| 10:04 | Crear | Villager (Male) |
| 10:16 | Construir | Palisade Wall |
| 10:34 | Construir | House |
| 11:03 | Crear | Villager (Male) |
| 11:03 | Crear | Villager (Male) |
| 11:22 | Construir | Mining Camp |
| 11:46 | Crear | Villager (Male) |
| 12:23 | Crear | Villager (Male) |
| 12:23 | Crear | Villager (Male) |
| 12:23 | Crear | Villager (Male) |
| 12:41 | Construir | Mill |
| 13:03 | Investigar | Feudal Age |
| 13:03 | Investigar | Feudal Age |
| 14:45 | Construir | Mining Camp |
| 14:53 | Crear | Villager (Male) |
| 14:53 | Crear | Villager (Male) |
| 15:23 | Edad | Edad Feudal |
| 15:29 | Construir | Market |
| 15:40 | Construir | Blacksmith |
| 15:50 | Construir | Stone Wall |
| 15:55 | Construir | Stone Wall |
| 15:57 | Construir | Stone Wall |
| 16:00 | Construir | Stone Wall |
| 16:09 | Crear | Villager (Male) |
| 16:40 | Investigar | Castle Age |
| 16:45 | Construir | Lumber Camp |
| 16:51 | Construir | Mill |
| 17:03 | Construir | Stone Wall |
| 17:22 | Construir | Stone Wall |
| 17:34 | Construir | House |
| 17:55 | Construir | Stone Wall |
| 18:14 | Construir | Farm |
| 18:14 | Construir | Farm |
| 18:20 | Investigar | Horse Collar |
| 18:47 | Construir | Farm |
| 18:51 | Construir | Farm |
| 19:06 | Construir | Stone Wall |
| 19:11 | Crear | Villager (Male) |
| 19:20 | Edad | Edad de los Castillos |
| 19:32 | Construir | Town Center |
| 19:37 | Investigar | Double-Bit Axe |
| 19:37 | Investigar | Double-Bit Axe |
| 19:43 | Crear | Villager (Male) |
| 19:53 | Construir | Town Center |
| 20:08 | Construir | Outpost |
| 20:13 | Investigar | Town Watch |
| 20:16 | Construir | Farm |
| 20:17 | Construir | Farm |
| 20:35 | Crear | Villager (Male) |
| 20:45 | Construir | House |
| 20:46 | Construir | House |
| 20:47 | Construir | House |
| 20:47 | Construir | House |
| 20:59 | Crear | Villager (Male) |
| 21:02 | Investigar | Wheelbarrow |
| 21:07 | Construir | Farm |
| 21:16 | Crear | Villager (Male) |
| 21:16 | Crear | Villager (Male) |
| 21:23 | Crear | Villager (Male) |
| 21:30 | Construir | Farm |
| 21:30 | Construir | Farm |
| 21:31 | Construir | Farm |
| 21:49 | Construir | Farm |
| 21:50 | Construir | Farm |
| 21:52 | Crear | Villager (Male) |
| 21:52 | Crear | Villager (Male) |
| 22:27 | Investigar | Stone Mining |
| 22:40 | Construir | Farm |
| 22:40 | Construir | Farm |
| 22:42 | Crear | Villager (Male) |
| 22:42 | Crear | Villager (Male) |
| 22:42 | Crear | Villager (Male) |
| 22:53 | Crear | Villager (Male) |
| 22:53 | Crear | Villager (Male) |
| 22:59 | Crear | Villager (Male) |
| 22:59 | Crear | Villager (Male) |
| 22:59 | Crear | Villager (Male) |
| 23:22 | Construir | Outpost |
| 23:25 | Crear | Villager (Male) |
| 23:27 | Crear | Villager (Male) |
Build order — ***Lwx
Primeras 150 de 399 acciones detectadas
| 0:01 | Crear | Villager (Male) ×4 |
| 0:02 | Construir | House |
| 0:04 | Construir | House |
| 0:15 | Investigar | Loom |
| 0:43 | Crear | Villager (Male) ×3 |
| 0:43 | Crear | Villager (Male) ×3 |
| 0:43 | Crear | Villager (Male) ×3 |
| 0:57 | Construir | Palisade Wall |
| 1:39 | Crear | Villager (Male) |
| 2:11 | Construir | Lumber Camp |
| 2:23 | Crear | Villager (Male) |
| 2:23 | Crear | Villager (Male) |
| 2:37 | Crear | Villager (Male) |
| 3:04 | Crear | Villager (Male) |
| 3:34 | Crear | Villager (Male) |
| 3:34 | Crear | Villager (Male) |
| 3:52 | Construir | House |
| 3:53 | Construir | House |
| 4:02 | Crear | Villager (Male) |
| 4:02 | Crear | Villager (Male) |
| 4:33 | Construir | Mill |
| 4:43 | Crear | Villager (Male) |
| 4:43 | Crear | Villager (Male) |
| 5:03 | Crear | Villager (Male) |
| 5:03 | Crear | Villager (Male) |
| 5:09 | Crear | Villager (Male) |
| 5:10 | Crear | Villager (Male) |
| 5:41 | Crear | Villager (Male) ×2 |
| 5:41 | Crear | Villager (Male) ×2 |
| 6:16 | Crear | Villager (Male) |
| 6:16 | Crear | Villager (Male) |
| 6:40 | Crear | Villager (Male) ×3 |
| 6:40 | Crear | Villager (Male) ×3 |
| 6:55 | Construir | Palisade Wall |
| 6:56 | Construir | Palisade Wall |
| 7:04 | Construir | Palisade Wall |
| 7:11 | Construir | Palisade Wall |
| 7:23 | Construir | House |
| 7:45 | Construir | Lumber Camp |
| 8:03 | Crear | Villager (Male) ×4 |
| 8:36 | Construir | Palisade Wall |
| 8:49 | Construir | House |
| 8:55 | Construir | Palisade Wall |
| 8:56 | Construir | Palisade Wall |
| 8:57 | Construir | Palisade Wall |
| 9:02 | Crear | Villager (Male) |
| 10:12 | Construir | Mining Camp |
| 10:26 | Investigar | Feudal Age |
| 10:33 | Construir | Farm |
| 10:38 | Crear | Villager (Male) |
| 10:38 | Crear | Villager (Male) |
| 12:43 | Edad | Edad Feudal |
| 12:46 | Construir | Market |
| 12:48 | Construir | Blacksmith |
| 12:50 | Investigar | Double-Bit Axe |
| 13:36 | Crear | Villager (Male) |
| 14:29 | Investigar | Castle Age |
| 14:30 | Investigar | Castle Age |
| 14:48 | Construir | Farm |
| 14:50 | Construir | Farm |
| 14:54 | Construir | Farm |
| 14:56 | Construir | Farm |
| 14:57 | Investigar | Horse Collar |
| 15:01 | Construir | Farm |
| 15:03 | Construir | Farm |
| 15:05 | Construir | Farm |
| 15:06 | Construir | Farm |
| 15:08 | Construir | Farm |
| 15:13 | Construir | Farm |
| 16:00 | Construir | Farm |
| 16:26 | Construir | Stone Wall |
| 16:33 | Investigar | Wheelbarrow |
| 17:09 | Edad | Edad de los Castillos |
| 17:10 | Investigar | Bow Saw |
| 17:13 | Construir | Town Center |
| 17:50 | Construir | Town Center |
| 17:58 | Crear | Villager (Male) |
| 17:58 | Crear | Villager (Male) |
| 18:00 | Investigar | Heavy Plow |
| 18:12 | Construir | House |
| 18:18 | Construir | House |
| 18:32 | Crear | Villager (Male) ×5 |
| 18:40 | Construir | Farm |
| 18:42 | Construir | Farm |
| 18:44 | Construir | Farm |
| 19:02 | Construir | Farm |
| 19:15 | Crear | Villager (Male) ×5 |
| 19:21 | Construir | Farm |
| 19:26 | Construir | Farm |
| 19:43 | Construir | Farm |
| 19:48 | Crear | Villager (Male) |
| 20:15 | Crear | Villager (Male) |
| 20:17 | Construir | Farm |
| 20:24 | Crear | Villager (Male) |
| 20:24 | Crear | Villager (Male) |
| 20:25 | Crear | Villager (Male) |
| 20:27 | Construir | House |
| 20:28 | Construir | House |
| 20:29 | Construir | House |
| 20:39 | Crear | Villager (Male) |
| 20:43 | Construir | Farm |
| 20:44 | Construir | Farm |
| 20:49 | Construir | Farm |
| 20:52 | Construir | Farm |
| 20:53 | Crear | Villager (Male) |
| 20:53 | Crear | Villager (Male) |
| 20:56 | Construir | Farm |
| 21:13 | Crear | Villager (Male) |
| 21:13 | Crear | Villager (Male) |
| 21:17 | Construir | Farm |
| 21:24 | Construir | Farm |
| 21:26 | Crear | Villager (Male) |
| 21:26 | Crear | Villager (Male) |
| 21:56 | Crear | Villager (Male) |
| 21:56 | Crear | Villager (Male) |
| 21:57 | Crear | Villager (Male) |
| 22:04 | Construir | Town Center |
| 22:09 | Crear | Villager (Male) |
| 22:09 | Crear | Villager (Male) |
| 22:13 | Construir | House |
| 22:14 | Construir | House |
| 22:23 | Construir | Farm |
| 22:25 | Crear | Villager (Male) |
| 22:25 | Crear | Villager (Male) |
| 22:42 | Crear | Villager (Male) |
| 22:44 | Construir | Mining Camp |
| 22:49 | Crear | Villager (Male) |
| 22:49 | Crear | Villager (Male) |
| 22:49 | Crear | Villager (Male) |
| 23:01 | Construir | House |
| 23:02 | Construir | House |
| 23:04 | Crear | Villager (Male) |
| 23:12 | Crear | Villager (Male) ×5 |
| 23:18 | Investigar | Hand Cart |
| 23:19 | Investigar | Town Watch |
| 23:21 | Crear | Villager (Male) |
| 23:21 | Crear | Villager (Male) |
| 23:26 | Investigar | Gold Mining |
| 23:30 | Construir | Farm |
| 23:31 | Construir | Farm |
| 23:40 | Construir | Lumber Camp |
| 23:48 | Crear | Villager (Male) |
| 23:49 | Crear | Villager (Male) |
| 24:10 | Crear | Villager (Male) |
| 24:10 | Crear | Villager (Male) |
| 24:18 | Construir | House |
| 24:19 | Construir | House |
| 24:20 | Construir | House |
| 24:21 | Construir | House |
| 24:22 | Construir | House |
Build order — Emperor2698
Primeras 150 de 382 acciones detectadas
| 0:03 | Construir | House |
| 0:03 | Crear | Villager (Male) ×4 |
| 0:05 | Construir | House |
| 1:09 | Investigar | Loom |
| 1:26 | Crear | Villager (Male) |
| 2:01 | Crear | Villager (Male) |
| 2:27 | Crear | Villager (Male) |
| 2:32 | Crear | Villager (Male) |
| 2:53 | Construir | Lumber Camp |
| 3:19 | Crear | Villager (Male) |
| 3:21 | Crear | Villager (Male) |
| 3:26 | Crear | Villager (Male) |
| 4:11 | Construir | House |
| 4:15 | Construir | House |
| 4:20 | Crear | Villager (Male) |
| 4:22 | Investigar | Loom |
| 4:25 | Crear | Villager (Male) ×4 |
| 5:55 | Construir | House |
| 5:59 | Construir | Mill |
| 6:01 | Crear | Villager (Male) |
| 6:32 | Crear | Villager (Male) |
| 6:38 | Construir | House |
| 6:47 | Crear | Villager (Male) |
| 7:30 | Crear | Villager (Male) |
| 7:42 | Construir | Mining Camp |
| 7:53 | Investigar | Feudal Age |
| 9:35 | Crear | Villager (Male) |
| 9:36 | Crear | Villager (Male) |
| 9:36 | Crear | Villager (Male) |
| 10:14 | Construir | Market |
| 10:16 | Construir | Blacksmith |
| 11:05 | Crear | Villager (Male) |
| 11:50 | Investigar | Castle Age |
| 11:56 | Investigar | Double-Bit Axe |
| 11:59 | Investigar | Horse Collar |
| 14:11 | Construir | Farm |
| 14:12 | Construir | Farm |
| 14:18 | Investigar | Wheelbarrow |
| 14:33 | Construir | Town Center |
| 14:39 | Construir | Town Center |
| 14:44 | Investigar | Bow Saw |
| 14:49 | Crear | Villager (Male) |
| 15:13 | Construir | Barracks |
| 15:18 | Construir | House |
| 15:38 | Crear | Villager (Male) |
| 15:38 | Crear | Villager (Male) |
| 16:00 | Crear | Villager (Male) |
| 16:14 | Crear | Villager (Male) ×2 |
| 16:17 | Construir | Farm |
| 16:23 | Construir | Farm |
| 16:27 | Crear | Villager (Male) ×2 |
| 16:31 | Construir | Farm |
| 16:37 | Construir | Farm |
| 16:48 | Crear | Villager (Male) |
| 16:54 | Crear | Villager (Male) |
| 16:59 | Crear | Villager (Male) |
| 17:03 | Construir | Farm |
| 17:09 | Construir | Farm |
| 17:11 | Construir | Farm |
| 17:27 | Crear | Villager (Male) |
| 17:34 | Construir | Farm |
| 17:36 | Crear | Villager (Male) |
| 17:38 | Crear | Villager (Male) |
| 17:42 | Crear | Villager (Male) |
| 17:44 | Construir | Farm |
| 17:45 | Construir | Farm |
| 17:55 | Construir | Farm |
| 17:57 | Construir | Farm |
| 17:58 | Crear | Villager (Male) |
| 18:12 | Crear | Villager (Male) |
| 18:16 | Construir | Farm |
| 18:17 | Crear | Villager (Male) |
| 18:21 | Construir | Farm |
| 18:34 | Construir | Stable |
| 18:36 | Crear | Villager (Male) |
| 18:37 | Crear | Villager (Male) |
| 18:42 | Crear | Villager (Male) |
| 18:46 | Construir | Farm |
| 18:49 | Construir | Farm |
| 18:50 | Crear | Villager (Male) |
| 18:54 | Construir | Farm |
| 18:57 | Crear | Villager (Male) |
| 19:06 | Crear | Villager (Male) |
| 19:12 | Construir | House |
| 19:14 | Construir | House |
| 19:15 | Construir | House |
| 19:17 | Construir | Farm |
| 19:19 | Crear | Villager (Male) ×2 |
| 19:19 | Crear | Villager (Male) |
| 19:22 | Construir | Farm |
| 19:36 | Construir | Stable |
| 19:45 | Construir | Farm |
| 19:47 | Crear | Villager (Male) |
| 19:47 | Crear | Villager (Male) |
| 19:59 | Crear | Villager (Male) |
| 20:06 | Construir | Building 796 |
| 20:07 | Construir | House |
| 20:11 | Crear | Villager (Male) |
| 20:12 | Crear | Villager (Male) |
| 20:18 | Construir | Mill |
| 20:19 | Construir | Farm |
| 20:20 | Construir | Farm |
| 20:20 | Construir | Farm |
| 20:20 | Construir | Farm |
| 20:21 | Construir | Farm |
| 20:23 | Crear | Villager (Male) |
| 20:26 | Construir | Farm |
| 20:34 | Construir | Stable |
| 20:39 | Crear | Villager (Male) |
| 20:42 | Crear | Villager (Male) |
| 20:48 | Construir | Farm |
| 20:53 | Crear | Villager (Male) |
| 20:53 | Crear | Villager (Male) |
| 20:57 | Construir | Farm |
| 21:00 | Construir | Farm |
| 21:04 | Crear | Villager (Male) |
| 21:06 | Investigar | Gold Mining |
| 21:09 | Investigar | Bloodlines |
| 21:18 | Construir | Farm |
| 21:21 | Construir | Farm |
| 21:25 | Construir | Farm |
| 21:27 | Crear | Villager (Male) |
| 21:28 | Crear | Villager (Male) |
| 21:35 | Construir | Farm |
| 21:37 | Crear | Villager (Male) |
| 21:48 | Crear | Villager (Male) |
| 21:55 | Crear | Villager (Male) |
| 21:55 | Crear | Villager (Male) |
| 22:03 | Construir | Town Center |
| 22:07 | Investigar | Gold Shaft Mining |
| 22:10 | Crear | Villager (Male) |
| 22:14 | Construir | Farm |
| 22:22 | Crear | Villager (Male) |
| 22:25 | Construir | House |
| 22:26 | Construir | House |
| 22:26 | Construir | House |
| 22:27 | Construir | House |
| 22:28 | Construir | House |
| 22:33 | Crear | Villager (Male) |
| 22:36 | Construir | Farm |
| 22:43 | Crear | Villager (Male) |
| 22:53 | Construir | Stable |
| 22:55 | Crear | Villager (Male) |
| 22:59 | Crear | Villager (Male) |
| 23:04 | Investigar | Forging |
| 23:06 | Crear | Villager (Male) |
| 23:06 | Crear | Villager (Male) |
| 23:10 | Construir | Farm |
| 23:13 | Construir | Farm |
| 23:22 | Construir | Farm |
Build order — 我是幸运的
Primeras 150 de 524 acciones detectadas
| 0:01 | Crear | Villager (Male) |
| 0:01 | Crear | Villager (Male) |
| 0:02 | Construir | House |
| 0:04 | Construir | House |
| 0:05 | Construir | House |
| 0:07 | Investigar | Loom |
| 0:10 | Crear | Villager (Male) |
| 0:12 | Crear | Villager (Male) |
| 0:12 | Crear | Villager (Male) |
| 0:13 | Crear | Villager (Male) |
| 0:13 | Crear | Villager (Male) |
| 1:38 | Crear | Villager (Male) |
| 1:38 | Crear | Villager (Male) |
| 2:24 | Crear | Villager (Male) |
| 2:24 | Crear | Villager (Male) |
| 2:31 | Construir | Lumber Camp |
| 2:39 | Crear | Villager (Male) |
| 2:40 | Crear | Villager (Male) |
| 2:40 | Crear | Villager (Male) |
| 3:13 | Crear | Villager (Male) |
| 3:13 | Crear | Villager (Male) |
| 3:13 | Crear | Villager (Male) |
| 3:14 | Crear | Villager (Male) |
| 3:38 | Crear | Villager (Male) |
| 3:38 | Crear | Villager (Male) |
| 3:38 | Crear | Villager (Male) |
| 4:10 | Crear | Villager (Male) |
| 4:11 | Crear | Villager (Male) |
| 4:11 | Crear | Villager (Male) |
| 4:49 | Crear | Villager (Male) |
| 4:49 | Crear | Villager (Male) |
| 4:49 | Crear | Villager (Male) |
| 5:43 | Crear | Villager (Male) |
| 5:43 | Crear | Villager (Male) |
| 5:43 | Crear | Villager (Male) |
| 5:43 | Crear | Villager (Male) |
| 6:00 | Crear | Villager (Male) |
| 6:01 | Crear | Villager (Male) |
| 6:01 | Crear | Villager (Male) |
| 7:00 | Construir | House |
| 7:01 | Construir | House |
| 7:02 | Construir | House |
| 7:03 | Construir | House |
| 7:14 | Crear | Villager (Male) |
| 7:14 | Crear | Villager (Male) |
| 8:01 | Construir | Mining Camp |
| 8:38 | Crear | Villager (Male) |
| 9:07 | Investigar | Feudal Age |
| 9:13 | Construir | Mill |
| 9:17 | Construir | Mill |
| 9:27 | Crear | Villager (Male) |
| 9:28 | Crear | Villager (Male) |
| 9:28 | Crear | Villager (Male) |
| 11:22 | Edad | Edad Feudal |
| 11:39 | Construir | Barracks |
| 11:46 | Construir | Stone Wall |
| 11:51 | Construir | Building 490 |
| 12:07 | Construir | Stone Wall |
| 12:11 | Construir | Building 490 |
| 12:18 | Crear | Villager (Male) |
| 12:43 | Construir | Blacksmith |
| 13:00 | Construir | Archery Range |
| 13:04 | Crear | Villager (Male) |
| 13:44 | Construir | Farm |
| 13:52 | Investigar | Castle Age |
| 14:25 | Construir | Farm |
| 14:25 | Construir | Farm |
| 14:29 | Construir | Farm |
| 14:30 | Construir | Farm |
| 14:50 | Construir | Mining Camp |
| 15:27 | Construir | Farm |
| 15:41 | Construir | Farm |
| 15:42 | Construir | Farm |
| 15:51 | Crear | Villager (Male) |
| 15:51 | Crear | Villager (Male) |
| 15:52 | Crear | Villager (Male) |
| 16:00 | Construir | Farm |
| 16:32 | Edad | Edad de los Castillos |
| 16:47 | Construir | University |
| 17:06 | Crear | Villager (Male) |
| 17:07 | Crear | Villager (Male) |
| 17:25 | Construir | House |
| 17:26 | Construir | House |
| 17:27 | Construir | House |
| 17:29 | Construir | House |
| 17:30 | Construir | House |
| 17:36 | Construir | Farm |
| 17:46 | Crear | Villager (Male) |
| 17:46 | Crear | Villager (Male) |
| 17:56 | Construir | Siege Workshop |
| 18:39 | Construir | Archery Range |
| 18:58 | Construir | Farm |
| 19:02 | Construir | Farm |
| 19:08 | Crear | Villager (Male) |
| 19:08 | Crear | Villager (Male) |
| 19:40 | Construir | Farm |
| 20:03 | Construir | House |
| 20:04 | Construir | House |
| 20:21 | Construir | Farm |
| 20:23 | Crear | Villager (Male) |
| 20:34 | Construir | Farm |
| 20:50 | Construir | Archery Range |
| 20:56 | Investigar | Imperial Age |
| 22:05 | Construir | Town Center |
| 22:11 | Investigar | Horse Collar |
| 22:34 | Investigar | Double-Bit Axe |
| 23:09 | Investigar | Gold Mining |
| 23:13 | Crear | Villager (Male) |
| 23:13 | Crear | Villager (Male) |
| 23:13 | Crear | Villager (Male) |
| 23:14 | Crear | Villager (Male) |
| 23:14 | Crear | Villager (Male) |
| 23:14 | Crear | Villager (Male) |
| 23:16 | Crear | Villager (Male) |
| 23:16 | Crear | Villager (Male) |
| 23:30 | Construir | Lumber Camp |
| 23:45 | Construir | Lumber Camp |
| 24:06 | Edad | Edad Imperial |
| 24:15 | Crear | Hand Cannoneer |
| 24:15 | Crear | Hand Cannoneer |
| 24:15 | Crear | Hand Cannoneer |
| 24:15 | Crear | Hand Cannoneer |
| 24:16 | Crear | Hand Cannoneer |
| 24:16 | Crear | Hand Cannoneer |
| 24:32 | Investigar | Bow Saw |
| 24:58 | Crear | Villager (Male) |
| 24:58 | Crear | Villager (Male) |
| 24:58 | Crear | Villager (Male) |
| 24:58 | Crear | Villager (Male) |
| 24:59 | Crear | Villager (Male) |
| 24:59 | Crear | Villager (Male) |
| 25:07 | Crear | Hand Cannoneer |
| 25:07 | Crear | Hand Cannoneer |
| 25:07 | Crear | Hand Cannoneer |
| 25:08 | Crear | Hand Cannoneer |
| 25:08 | Crear | Hand Cannoneer |
| 25:08 | Crear | Hand Cannoneer |
| 25:08 | Crear | Hand Cannoneer |
| 25:09 | Crear | Hand Cannoneer |
| 25:50 | Crear | Battering Ram |
| 25:50 | Crear | Battering Ram |
| 25:53 | Crear | Bombard Cannon |
| 25:59 | Crear | Villager (Male) |
| 25:59 | Crear | Villager (Male) |
| 26:03 | Crear | Villager (Male) |
| 26:04 | Crear | Villager (Male) |
| 26:10 | Investigar | Padded Archer Armor |
| 26:29 | Crear | Bombard Cannon |
| 26:35 | Construir | Farm |
| 27:08 | Investigar | Leather Archer Armor |
Build order — 297539664
Primeras 150 de 825 acciones detectadas
| 0:01 | Crear | Villager (Male) |
| 0:02 | Crear | Villager (Male) |
| 0:02 | Crear | Villager (Male) |
| 0:03 | Construir | House |
| 0:05 | Construir | House |
| 0:19 | Crear | Villager (Male) |
| 0:19 | Crear | Villager (Male) |
| 1:30 | Crear | Villager (Male) |
| 1:30 | Crear | Villager (Male) |
| 1:30 | Crear | Villager (Male) |
| 1:51 | Crear | Villager (Male) |
| 1:52 | Crear | Villager (Male) |
| 1:54 | Construir | Lumber Camp |
| 2:22 | Crear | Villager (Male) |
| 2:22 | Crear | Villager (Male) |
| 2:46 | Crear | Villager (Male) |
| 2:46 | Crear | Villager (Male) |
| 2:47 | Crear | Villager (Male) |
| 3:06 | Crear | Villager (Male) |
| 3:06 | Crear | Villager (Male) |
| 3:09 | Construir | House |
| 3:35 | Crear | Villager (Male) |
| 3:35 | Crear | Villager (Male) |
| 3:47 | Construir | House |
| 4:01 | Crear | Villager (Male) |
| 4:01 | Crear | Villager (Male) |
| 4:13 | Investigar | Loom |
| 4:14 | Investigar | Loom |
| 4:14 | Investigar | Loom |
| 4:16 | Crear | Villager (Male) |
| 4:17 | Crear | Villager (Male) |
| 4:31 | Construir | House |
| 4:50 | Crear | Villager (Male) |
| 4:50 | Crear | Villager (Male) |
| 5:22 | Crear | Villager (Male) |
| 5:22 | Crear | Villager (Male) |
| 5:37 | Construir | Palisade Wall |
| 5:56 | Construir | Palisade Wall |
| 6:00 | Crear | Villager (Male) |
| 6:00 | Crear | Villager (Male) |
| 6:00 | Crear | Villager (Male) |
| 6:04 | Crear | Villager (Male) |
| 6:04 | Crear | Villager (Male) |
| 6:12 | Construir | Palisade Wall |
| 6:19 | Crear | Villager (Male) |
| 6:19 | Crear | Villager (Male) |
| 6:26 | Construir | Palisade Wall |
| 6:39 | Construir | Palisade Wall |
| 6:50 | Crear | Villager (Male) |
| 7:31 | Crear | Villager (Male) |
| 7:31 | Crear | Villager (Male) |
| 8:02 | Crear | Villager (Male) |
| 8:02 | Crear | Villager (Male) |
| 8:34 | Construir | Mill |
| 8:39 | Construir | Mill |
| 8:40 | Crear | Villager (Male) |
| 8:40 | Crear | Villager (Male) |
| 9:30 | Construir | House |
| 10:05 | Crear | Villager (Male) |
| 10:05 | Crear | Villager (Male) |
| 10:18 | Construir | Palisade Wall |
| 10:22 | Crear | Villager (Male) |
| 10:22 | Crear | Villager (Male) |
| 10:54 | Crear | Villager (Male) |
| 11:15 | Crear | Villager (Male) |
| 11:15 | Crear | Villager (Male) |
| 11:36 | Construir | Mining Camp |
| 11:42 | Crear | Villager (Male) |
| 11:57 | Construir | Mill |
| 12:01 | Crear | Villager (Male) |
| 12:13 | Investigar | Feudal Age |
| 12:13 | Investigar | Feudal Age |
| 12:13 | Investigar | Feudal Age |
| 13:23 | Crear | Villager (Male) |
| 13:23 | Crear | Villager (Male) |
| 14:15 | Construir | House |
| 14:17 | Construir | Palisade Wall |
| 14:23 | Edad | Edad Feudal |
| 14:34 | Construir | Market |
| 14:38 | Construir | Blacksmith |
| 14:41 | Crear | Villager (Male) |
| 14:42 | Crear | Villager (Male) |
| 15:05 | Construir | Lumber Camp |
| 15:40 | Investigar | Castle Age |
| 15:40 | Investigar | Castle Age |
| 15:41 | Investigar | Castle Age |
| 15:41 | Investigar | Castle Age |
| 16:11 | Investigar | Double-Bit Axe |
| 16:11 | Investigar | Double-Bit Axe |
| 16:11 | Investigar | Double-Bit Axe |
| 16:11 | Investigar | Double-Bit Axe |
| 16:14 | Investigar | Horse Collar |
| 16:14 | Investigar | Horse Collar |
| 16:15 | Investigar | Horse Collar |
| 16:15 | Investigar | Horse Collar |
| 16:52 | Construir | Farm |
| 16:54 | Construir | Farm |
| 16:57 | Construir | Farm |
| 17:03 | Construir | Farm |
| 17:06 | Construir | Farm |
| 17:27 | Crear | Villager (Male) |
| 17:27 | Crear | Villager (Male) |
| 17:42 | Construir | Palisade Wall |
| 17:50 | Crear | Villager (Male) |
| 17:50 | Crear | Villager (Male) |
| 18:23 | Edad | Edad de los Castillos |
| 18:26 | Construir | Town Center |
| 18:29 | Construir | Town Center |
| 18:48 | Crear | Villager (Male) |
| 18:48 | Crear | Villager (Male) |
| 18:51 | Construir | House |
| 18:59 | Construir | Farm |
| 19:01 | Investigar | Bow Saw |
| 19:01 | Investigar | Bow Saw |
| 19:02 | Investigar | Bow Saw |
| 19:03 | Investigar | Heavy Plow |
| 19:03 | Investigar | Heavy Plow |
| 19:03 | Investigar | Heavy Plow |
| 19:10 | Construir | Farm |
| 19:12 | Construir | Farm |
| 19:21 | Crear | Villager (Male) |
| 19:27 | Construir | Farm |
| 19:41 | Crear | Villager (Male) |
| 19:45 | Construir | Farm |
| 19:50 | Crear | Villager (Male) |
| 19:50 | Crear | Villager (Male) |
| 19:58 | Construir | House |
| 20:07 | Crear | Villager (Male) |
| 20:15 | Construir | Farm |
| 20:20 | Crear | Villager (Male) |
| 20:20 | Crear | Villager (Male) |
| 20:23 | Construir | Farm |
| 20:25 | Construir | Farm |
| 20:28 | Construir | Farm |
| 20:31 | Construir | Farm |
| 20:32 | Crear | Villager (Male) |
| 20:32 | Crear | Villager (Male) |
| 20:35 | Construir | Farm |
| 20:44 | Construir | Stone Wall |
| 20:48 | Crear | Villager (Male) |
| 20:48 | Crear | Villager (Male) |
| 20:49 | Crear | Villager (Male) |
| 20:55 | Crear | Villager (Male) |
| 20:55 | Crear | Villager (Male) |
| 21:03 | Construir | Farm |
| 21:09 | Crear | Villager (Male) |
| 21:16 | Construir | House |
| 21:20 | Crear | Villager (Male) |
| 21:28 | Crear | Villager (Male) |
| 21:29 | Crear | Villager (Male) |
Build order — ару
Primeras 150 de 450 acciones detectadas
| 0:01 | Crear | Villager (Male) |
| 0:02 | Construir | House |
| 0:04 | Construir | House |
| 0:16 | Crear | Villager (Male) |
| 0:17 | Crear | Villager (Male) |
| 0:30 | Crear | Villager (Male) |
| 1:36 | Crear | Villager (Male) |
| 1:45 | Construir | Lumber Camp |
| 1:58 | Crear | Villager (Male) |
| 2:27 | Crear | Villager (Male) |
| 2:56 | Crear | Villager (Male) |
| 3:35 | Crear | Villager (Male) |
| 3:51 | Investigar | Loom |
| 4:08 | Crear | Villager (Male) |
| 4:31 | Construir | Palisade Wall |
| 4:46 | Crear | Villager (Male) |
| 4:53 | Construir | House |
| 4:53 | Construir | House |
| 5:11 | Crear | Villager (Male) |
| 5:35 | Crear | Villager (Male) |
| 5:58 | Crear | Villager (Male) |
| 6:09 | Construir | House |
| 6:20 | Crear | Villager (Male) |
| 6:55 | Construir | Mill |
| 7:03 | Crear | Villager (Male) |
| 7:26 | Crear | Villager (Male) |
| 7:53 | Crear | Villager (Male) |
| 7:57 | Construir | Palisade Wall |
| 8:13 | Crear | Villager (Male) |
| 8:45 | Crear | Villager (Male) |
| 9:05 | Crear | Villager (Male) |
| 9:20 | Construir | Mining Camp |
| 9:23 | Crear | Villager (Male) |
| 9:58 | Crear | Villager (Male) |
| 10:25 | Construir | Farm |
| 10:31 | Investigar | Feudal Age |
| 10:53 | Crear | Villager (Male) |
| 10:53 | Crear | Villager (Male) |
| 12:28 | Construir | Mill |
| 12:41 | Edad | Edad Feudal |
| 12:49 | Construir | Market |
| 12:51 | Construir | Blacksmith |
| 13:43 | Investigar | Castle Age |
| 13:43 | Investigar | Castle Age |
| 14:00 | Crear | Villager (Male) |
| 14:00 | Crear | Villager (Male) |
| 14:22 | Investigar | Double-Bit Axe |
| 14:23 | Investigar | Horse Collar |
| 14:45 | Construir | House |
| 14:54 | Construir | Mining Camp |
| 15:58 | Construir | Stone Wall |
| 16:23 | Edad | Edad de los Castillos |
| 16:33 | Construir | Town Center |
| 16:50 | Construir | Town Center |
| 17:08 | Investigar | Wheelbarrow |
| 17:40 | Crear | Villager (Male) |
| 17:54 | Crear | Villager (Male) |
| 17:54 | Crear | Villager (Male) |
| 18:01 | Investigar | Bow Saw |
| 18:24 | Construir | House |
| 18:25 | Construir | House |
| 18:28 | Crear | Villager (Male) |
| 18:29 | Crear | Villager (Male) |
| 18:31 | Crear | Villager (Male) |
| 18:32 | Crear | Villager (Male) |
| 18:49 | Construir | Monastery |
| 18:54 | Crear | Villager (Male) |
| 18:55 | Crear | Villager (Male) |
| 18:55 | Crear | Villager (Male) |
| 19:08 | Construir | Farm |
| 19:16 | Construir | Farm |
| 19:18 | Construir | Farm |
| 19:20 | Construir | Farm |
| 19:25 | Construir | Farm |
| 19:26 | Crear | Villager (Male) |
| 19:26 | Crear | Villager (Male) |
| 19:33 | Construir | Farm |
| 19:35 | Construir | Farm |
| 19:36 | Crear | Monk |
| 19:43 | Construir | House |
| 19:48 | Crear | Villager (Male) |
| 19:48 | Crear | Villager (Male) |
| 19:48 | Crear | Villager (Male) |
| 19:54 | Construir | Farm |
| 20:04 | Construir | Farm |
| 20:05 | Construir | Farm |
| 20:07 | Construir | Farm |
| 20:12 | Crear | Villager (Male) |
| 20:17 | Construir | Farm |
| 20:28 | Construir | House |
| 20:36 | Construir | Farm |
| 20:38 | Construir | Farm |
| 20:39 | Construir | Farm |
| 20:41 | Construir | Farm |
| 20:49 | Crear | Villager (Male) |
| 20:49 | Crear | Villager (Male) |
| 20:58 | Construir | Farm |
| 20:59 | Crear | Villager (Male) |
| 21:01 | Construir | Farm |
| 21:04 | Construir | Farm |
| 21:07 | Crear | Villager (Male) |
| 21:07 | Crear | Villager (Male) |
| 21:18 | Construir | House |
| 21:25 | Crear | Villager (Male) |
| 21:25 | Crear | Villager (Male) |
| 21:25 | Crear | Villager (Male) |
| 21:31 | Construir | Farm |
| 21:38 | Construir | Farm |
| 21:46 | Construir | Lumber Camp |
| 21:49 | Construir | Farm |
| 21:54 | Construir | Farm |
| 21:56 | Construir | Farm |
| 21:57 | Crear | Villager (Male) |
| 22:02 | Crear | Villager (Male) |
| 22:02 | Crear | Villager (Male) |
| 22:02 | Crear | Villager (Male) |
| 22:15 | Construir | Farm |
| 22:26 | Crear | Villager (Male) |
| 22:27 | Crear | Villager (Male) |
| 22:27 | Crear | Villager (Male) |
| 22:35 | Construir | Farm |
| 22:40 | Construir | Farm |
| 22:41 | Crear | Villager (Male) |
| 22:42 | Crear | Villager (Male) |
| 22:42 | Crear | Villager (Male) |
| 23:00 | Crear | Villager (Male) |
| 23:00 | Crear | Villager (Male) |
| 23:05 | Construir | Town Center |
| 23:25 | Construir | Farm |
| 23:30 | Crear | Villager (Male) |
| 23:30 | Crear | Villager (Male) |
| 23:34 | Construir | Farm |
| 23:36 | Construir | Farm |
| 23:40 | Construir | Farm |
| 23:41 | Crear | Villager (Male) |
| 23:45 | Construir | Farm |
| 23:49 | Crear | Villager (Male) |
| 23:49 | Crear | Villager (Male) |
| 23:57 | Construir | Mill |
| 23:59 | Construir | Farm |
| 23:59 | Construir | Farm |
| 23:59 | Construir | Farm |
| 23:59 | Construir | Farm |
| 24:04 | Construir | Farm |
| 24:06 | Construir | Farm |
| 24:11 | Construir | Farm |
| 24:13 | Crear | Villager (Male) |
| 24:14 | Crear | Villager (Male) |
| 24:14 | Crear | Villager (Male) |
| 24:21 | Crear | Villager (Male) |
Cronología de la partida
| 0:55 | Ackerman-lll · wall_segment Palisade Wall x2 |
| 0:57 | ***Lwx · wall_segment Palisade Wall x16 |
| 1:07 | Ackerman-lll · wall_segment Palisade Wall x8 |
| 1:20 | ntn88 · wall_segment Palisade Wall x9 |
| 1:32 | ntn88 · wall_segment Palisade Wall x7 |
| 2:47 | Ackerman-lll · wall_segment Palisade Wall x9 |
| 3:17 | ntn88 · wall_segment Palisade Wall x7 |
| 3:44 | ntn88 · wall_segment Palisade Wall x2 |
| 4:25 | ntn88 · wall_segment Palisade Wall x12 |
| 4:31 | ару · wall_segment Palisade Wall x13 |
| 5:27 | ntn88 · wall_segment Palisade Wall x1 |
| 5:29 | ntn88 · wall_segment Palisade Wall x1 |
| 5:30 | ntn88 · wall_segment Palisade Wall x1 |
| 5:37 | 297539664 · wall_segment Palisade Wall x1 |
| 5:39 | ntn88 · wall_segment Palisade Wall x1 |
| 5:56 | 297539664 · wall_segment Palisade Wall x8 |
| 6:12 | 297539664 · wall_segment Palisade Wall x13 |
| 6:26 | 297539664 · wall_segment Palisade Wall x1 |
| 6:29 | ntn88 · wall_segment Palisade Wall x1 |
| 6:31 | ntn88 · wall_segment Palisade Wall x1 |
| 6:39 | 297539664 · wall_segment Palisade Wall x1 |
| 6:55 | ***Lwx · wall_segment Palisade Wall x6 |
| 6:56 | ***Lwx · wall_segment Palisade Wall x1 |
| 7:04 | ***Lwx · wall_segment Palisade Wall x1 |
| 7:11 | ***Lwx · wall_segment Palisade Wall x1 |
| 7:57 | ару · wall_segment Palisade Wall x1 |
| 8:30 | ntn88 · wall_segment Palisade Wall x1 |
| 8:31 | ntn88 · wall_segment Palisade Wall x1 |
| 8:36 | ***Lwx · wall_segment Palisade Wall x1 |
| 8:44 | ntn88 · wall_segment Palisade Wall x10 |
| 8:45 | ntn88 · wall_segment Palisade Wall x1 |
| 8:55 | ***Lwx · wall_segment Palisade Wall x5 |
| 8:56 | ***Lwx · wall_segment Palisade Wall x1 |
| 8:57 | ***Lwx · wall_segment Palisade Wall x1 |
| 9:07 | ntn88 · wall_segment Palisade Wall x1 |
| 9:09 | ntn88 · wall_segment Palisade Wall x1 |
| 9:11 | ntn88 · wall_segment Palisade Wall x1 |
| 9:12 | ntn88 · wall_segment Palisade Wall x1 |
| 9:31 | ntn88 · wall_segment Palisade Wall x1 |
| 9:33 | ntn88 · wall_segment Palisade Wall x1 |
| 9:35 | ntn88 · wall_segment Palisade Wall x1 |
| 9:37 | ntn88 · wall_segment Palisade Wall x1 |
| 9:40 | ntn88 · wall_segment Palisade Wall x1 |
| 9:41 | ntn88 · wall_segment Palisade Wall x1 |
| 9:43 | ntn88 · wall_segment Palisade Wall x1 |
| 9:44 | NoSleep · age_up feudal |
| 10:00 | ntn88 · wall_segment Palisade Wall x1 |
| 10:02 | ntn88 · wall_segment Palisade Wall x1 |
| 10:16 | ntn88 · wall_segment Palisade Wall x1 |
| 10:18 | 297539664 · wall_segment Palisade Wall x12 |
| 11:22 | 我是幸运的 · age_up feudal |
| 11:39 | 我是幸运的 · first_building Barracks |
| 11:46 | 我是幸运的 · wall_segment Stone Wall x11 |
| 12:07 | 我是幸运的 · wall_segment Stone Wall x9 |
| 12:41 | ару · age_up feudal |
| 12:43 | ***Lwx · age_up feudal |
| 13:00 | 我是幸运的 · first_building Archery Range |
| 13:32 | Ackerman-lll · age_up feudal |
| 13:47 | Ackerman-lll · wall_segment Stone Wall x1 |
| 14:17 | 297539664 · wall_segment Palisade Wall x4 |
| 14:23 | 297539664 · age_up feudal |
| 14:39 | Ackerman-lll · wall_segment Stone Wall x1 |
| 14:44 | Ackerman-lll · wall_segment Stone Wall x6 |
| 15:13 | Emperor2698 · first_building Barracks |
| 15:23 | ntn88 · age_up feudal |
| 15:24 | 297539664 · first_market_sell 100 wood |
| 15:50 | ntn88 · wall_segment Stone Wall x11 |
| 15:55 | ntn88 · wall_segment Stone Wall x1 |
| 15:57 | Emperor2698 · first_market_buy 100 food |
| 15:57 | ntn88 · wall_segment Stone Wall x2 |
| 15:58 | ару · wall_segment Stone Wall x11 |
| 16:00 | ntn88 · wall_segment Stone Wall x7 |
| 16:05 | NoSleep · first_building Barracks |
| 16:23 | ару · age_up castle |
| 16:26 | ***Lwx · wall_segment Stone Wall x9 |
| 16:32 | 我是幸运的 · age_up castle |
| 16:39 | ntn88 · first_market_buy 100 food |
| 17:03 | ntn88 · wall_segment Stone Wall x7 |
| 17:09 | Ackerman-lll · age_up castle |
| 17:09 | ***Lwx · age_up castle |
| 17:14 | NoSleep · first_building Stable |
| 17:22 | ntn88 · wall_segment Stone Wall x1 |
| 17:42 | 297539664 · wall_segment Palisade Wall x6 |
| 17:44 | ***Lwx · first_market_sell 100 food |
| 17:45 | ***Lwx · first_market_buy 100 stone |
| 17:55 | ntn88 · wall_segment Stone Wall x4 |
| 17:56 | 我是幸运的 · first_building Siege Workshop |
| 18:23 | 297539664 · age_up castle |
| 18:34 | Emperor2698 · first_building Stable |
| 18:49 | ару · first_building Monastery |
| 19:06 | NoSleep · first_building Siege Workshop |
| 19:06 | ntn88 · wall_segment Stone Wall x7 |
| 19:20 | ntn88 · age_up castle |
| 19:47 | ару · first_market_buy 100 food |
| 20:44 | 297539664 · wall_segment Stone Wall x8 |
| 21:52 | Emperor2698 · first_market_sell 100 food |
| 22:15 | Ackerman-lll · first_building Castle |
| 22:39 | NoSleep · age_up castle |
| 22:49 | NoSleep · first_building Monastery |
| 22:56 | 297539664 · wall_segment Stone Wall x1 |
| 23:28 | 297539664 · wall_segment Stone Wall x1 |
| 23:30 | 297539664 · wall_segment Stone Wall x1 |
| 23:31 | 297539664 · wall_segment Stone Wall x1 |
| 23:45 | Ackerman-lll · first_building Monastery |
| 24:06 | 我是幸运的 · age_up imperial |
| 24:31 | Ackerman-lll · wall_segment Stone Wall x14 |
| 24:31 | ***Lwx · first_building Monastery |
| 25:22 | Ackerman-lll · wall_segment Stone Wall x6 |
| 25:26 | Ackerman-lll · wall_segment Stone Wall x9 |
| 25:52 | ару · first_building Barracks |
| 26:18 | ару · first_market_sell 100 food |
| 26:26 | ntn88 · first_market_sell 100 wood |
| 26:38 | Ackerman-lll · wall_segment Stone Wall x7 |
| 26:40 | ntn88 · first_building Castle |
| 26:43 | Ackerman-lll · wall_segment Stone Wall x2 |
| 26:44 | ару · first_building Stable |
| 26:46 | Ackerman-lll · wall_segment Stone Wall x8 |
| 26:50 | NoSleep · age_up imperial |
| 26:50 | 297539664 · first_building Castle |
| 27:18 | ару · first_building Siege Workshop |
| 27:37 | 我是幸运的 · first_building Monastery |
| 28:02 | 297539664 · first_building Barracks |
| 28:04 | Ackerman-lll · wall_segment Stone Wall x10 |
| 28:11 | Ackerman-lll · wall_segment Stone Wall x5 |
| 28:29 | Emperor2698 · first_building Monastery |
| 28:41 | Ackerman-lll · wall_segment Stone Wall x9 |
| 28:47 | 297539664 · first_building Siege Workshop |
| 28:48 | Ackerman-lll · wall_segment Stone Wall x5 |
| 28:49 | ***Lwx · first_building Barracks |
| 29:05 | Ackerman-lll · first_building Barracks |
| 29:11 | ***Lwx · age_up imperial |
| 29:17 | Ackerman-lll · wall_segment Stone Wall x4 |
| 29:22 | Ackerman-lll · wall_segment Stone Wall x4 |
| 29:26 | Ackerman-lll · wall_segment Stone Wall x1 |
| 29:32 | ару · age_up imperial |
| 29:37 | Ackerman-lll · wall_segment Stone Wall x1 |
| 29:41 | ***Lwx · first_building Stable |
| 29:49 | Emperor2698 · first_building Siege Workshop |
| 30:01 | Ackerman-lll · wall_segment Stone Wall x7 |
| 30:05 | Ackerman-lll · first_building Archery Range |
| 30:43 | Ackerman-lll · age_up imperial |
| 30:43 | Ackerman-lll · wall_segment Stone Wall x1 |
| 30:45 | ***Lwx · first_building Castle |
| 31:12 | 297539664 · age_up imperial |
| 31:28 | 297539664 · wall_segment Stone Wall x1 |
| 31:34 | Ackerman-lll · wall_segment Stone Wall x1 |
| 31:38 | Ackerman-lll · wall_segment Stone Wall x1 |
| 32:40 | Emperor2698 · first_building Castle |
| 32:49 | ntn88 · age_up imperial |
| 33:39 | Emperor2698 · wall_segment Stone Wall x1 |
| 33:47 | ***Lwx · wall_segment Stone Wall x6 |
| 34:00 | ***Lwx · wall_segment Stone Wall x8 |
| 34:07 | ***Lwx · wall_segment Stone Wall x8 |
| 35:20 | ару · first_building Castle |
| 35:44 | ntn88 · tribute_sent a jugador 1 |
| 35:44 | ntn88 · tribute_sent a jugador 3 |
| 35:44 | ntn88 · tribute_sent a jugador 4 |
| 35:44 | ntn88 · tribute_sent a jugador 5 |
| 35:44 | ntn88 · tribute_sent a jugador 6 |
| 35:44 | ntn88 · tribute_sent a jugador 7 |
| 35:44 | ntn88 · tribute_sent a jugador 8 |
| 36:08 | ntn88 · wall_segment Stone Wall x6 |
| 36:41 | 297539664 · wall_segment Stone Wall x3 |
| 38:53 | ***Lwx · first_building Siege Workshop |
| 39:13 | 我是幸运的 · wall_segment Stone Wall x14 |
| 39:22 | NoSleep · first_building Castle |
| 42:27 | 我是幸运的 · first_building Stable |
| 44:11 | 我是幸运的 · first_market_sell 100 wood |
| 45:35 | ару · resign |
| 48:52 | NoSleep · tribute_sent a jugador 2 |
| 48:52 | NoSleep · tribute_sent a jugador 3 |
| 48:52 | NoSleep · tribute_sent a jugador 4 |
| 48:52 | NoSleep · tribute_sent a jugador 5 |
| 48:52 | NoSleep · tribute_sent a jugador 6 |
| 48:52 | NoSleep · tribute_sent a jugador 7 |
| 48:52 | NoSleep · tribute_sent a jugador 8 |
| 51:07 | NoSleep · first_market_sell 100 food |
[ ANÁLISIS IA · 1 CRÉDITO ]
¿Qué pasó realmente en esta partida?
Wolo.gg analiza cada decisión: build order, eco, micro, errores típicos por bracket. Análisis personalizado por WhatsApp o Discord en 30 segundos.
Guía civ
Chinos
Perfil
Jugador #9726840